 Dungeon Crawl Stone Soup version 0.29.1-15-g9cfb28693d (webtiles) character file.

Game seed: 11271097952170495692

2443 HospitalGownGirl the Sneak (level 9, -1/58 HPs)
             Began as a Human Brigand on Mar 7, 2023.
             Was an Elder of Hepliaklqana.
             Slain by an ice devil (8 damage)
             ... summoned by a kobold demonologist
             ... on level 6 of the Dungeon.
             The game lasted 00:23:24 (4800 turns).

HospitalGownGirl the Sneak (Human Brigand)          Turns: 4800, Time: 00:23:25

Health: -1/58      AC: 11    Str: 13    XL:     9   Next: 78%
Magic:  13/13      EV: 12    Int: 20    God:    Hepliaklqana [****..]
Gold:   371        SH:  0    Dex: 15    Spells: 9/14 levels left

rFire   + . .      SeeInvis .   m - +0 short sword (elec)
rCold   + . .      Faith    .   (no shield)
rNeg    . . .      Spirit   .   t - +2 ring mail {rPois}
rPois   +          Reflect  .   j - +1 helmet
rElec   .          Harm     .   c - +0 cloak
rCorr   .          Rampage  .   (no gloves)
Will    .....                   (no boots)
Stlth   +++.......              (no amulet)
HPRegen 0.19/turn               p - +6 ring of intelligence
MPRegen 0.13/turn               E - ring of protection from cold

@: no status effects
A: reduced essence, fire resistance 1
a: Renounce Religion, Recall Ancestor, Ancestor Identity, Transference, Idealise


You were on level 6 of the Dungeon.
You worshipped Hepliaklqana.
Hepliaklqana was greatly pleased with you.
You visited 1 branch of the dungeon, and saw 6 of its levels.

You collected 371 gold pieces.

Inventory:

Hand Weapons
 a - a +2 dagger
 h - a +0 vampiric dagger
 m - a +0 short sword of electrocution (weapon)
 F - a +0 rapier
Missiles
 d - 9 poisoned darts
 e - 2 curare-tipped darts
 g - an atropa-tipped dart (quivered)
Armour
 b - a +0 robe
 c - a +0 cloak (worn)
 f - a +3 leather armour
 j - a +1 helmet (worn)
 t - a +2 ring mail of poison resistance (worn)
 z - a +1 leather armour of cold resistance
Jewellery
 p - a +6 ring of intelligence (left hand)
 q - an amulet of magic regeneration
 E - a ring of protection from cold (right hand)
 H - a ring of protection from fire
Wands
 y - a wand of roots (15)
 B - a wand of digging (5)
 C - a wand of polymorph (7)
 I - a wand of light (13)
Scrolls
 k - 5 scrolls of teleportation
 r - 2 scrolls of immolation {unknown}
 v - a scroll of magic mapping
 w - a scroll of fog
 x - a scroll of enchant armour {unknown}
 A - a scroll of blinking {unknown}
 D - a scroll of enchant weapon {unknown}
Potions
 i - 2 potions of resistance
 n - 2 potions of brilliance
 o - 2 potions of degeneration {unknown}
 s - a potion of lignification {unknown}
 u - a potion of cancellation {unknown}
 G - a potion of curing {unknown}


   Skills:
 * Level 3.7 Fighting
 * Level 5.0 Short Blades
 * Level 3.9 Throwing
 * Level 4.7 Armour
 * Level 3.6 Dodging
 * Level 7.5 Stealth
 + Level 1.1 Unarmed Combat
 * Level 3.2 Spellcasting
 * Level 1.1 Summonings
 * Level 2.0 Translocations
 * Level 3.1 Invocations
 * Level 1.5 Evocations


You had 9 spell levels left.
You knew the following spells:

 Your Spells              Type           Power      Damage    Failure   Level
a - Summon Forest         Summ/Tloc      4%         N/A       98%         5

Your spell library contained the following spells:

 Spells                   Type           Power      Damage    Failure   Level
 Eringya's Noxious Bog    Tmut/Pois      1%         N/A       100%        6
 Summon Hydra             Summ           3%         N/A       100%        7


Dungeon Overview and Level Annotations

Branches:
Dungeon (6/15)             Temple (0/1) D:5

Altars:
Hepliaklqana
Makhleb

Annotations:
D:6 1 transporter


Innate Abilities, Weirdness & Mutations

Your life essence is reduced to manifest your ancestor. (-10% HP)
Your flesh is heat resistant. (rF+)


Message History

The orc priest seems less confused.
Kylie points at the orc priest and mumbles some strange words.
The stone arrow hits the orc priest!!
The orc priest dies!
The orc priest looks satisfied for a moment.
The kobold demonologist gestures wildly while chanting.
That's the wrong kind of item! (Use * to select it.) Evoke which item? (* to show all) (? for menu, Esc to quit)
Okay, then.
Aiming: Fastroot
Press: ? - help, Shift-Dir - straight line, f - ice devil
Aim: an ice devil (summoned)
The roots erupt in riotous growth!
Roots grab the ice devil.
Kylie avoids your attack.
The grasping roots constrict the ice devil, but do no damage.
The ice devil struggles to escape constriction.
The grasping roots constrict the ice devil.
The ice devil struggles to escape constriction.
The grasping roots constrict the ice devil.
The roots release their grip on the ice devil.
Kylie closely misses the ice devil.
You hit the ice devil but do no damage.
The ice devil is lightly wounded.
Kylie hits the ice devil with a +0 quarterstaff!
You completely miss the ice devil.
The ice devil is moderately wounded.
The ice devil hits you but does no damage.
Kylie hits the ice devil with a +0 quarterstaff!!
The orc priest mumbles some strange prayers to Beogh against you.
Beogh smites you!
* * * LOW HITPOINT WARNING * * *
You barely miss the ice devil.
The ice devil is severely wounded.
The ice devil hits you but does no damage.
Kylie barely misses the ice devil.
You hit the ice devil but do no damage.
The ice devil is severely wounded.
The ice devil hits you!
You die...

#.............# #.###
#....########## #...#
#....#
###################.#
#....#
#.................#..
#....#
#.###############.###
#....# #.#8P#5K)....#~8#.#
######
##.#P.#≈≈≈≈≈≈≈#.P#.##
####..#..#..~~P..#$$#..##
#....©#©@4R.~⌠~..+.©#©...
....##..#..#..~~~..#($#..#.
# ##.#P.#≈≈≈≈≈≈≈#.P#.##.
#.#8P#oKo(...#~8#.^#.
#.###############..#.
#....................
##################.#. .#.
.##


You could see the friendly Kylie the battlemage, an orc high priest, an ice
devil (summoned, ally target), 2 kobold demonologists, an orc priest and a
shadow imp.

Vanquished Creatures
  Pikel (D:4)
  Grinder (D:3)
  A sky beast (D:6)
  An orc warrior (D:6)
  An ice beast (D:6)
  A phantom (D:6)
  2 scorpions
  3 wights (D:6)
  A howler monkey (D:6)
  A hound (D:4)
  Jessica (D:3)
  An orc wizard (D:4)
  Natasha (twice) (D:3)
  An iguana (D:5)
  A gnoll (D:6)
  2 adders
  2 shadow imps (D:6)
  2 ufetubi (D:6)
  A worm (D:4)
  A dart slug (D:1)
  2 orcs
  A ball python (D:1)
  2 bats
  5 endoplasms
  A giant cockroach (D:1)
  2 goblins (D:1)
  4 hobgoblins
  A jackal (D:2)
  A kobold (D:1)
  2 quokkas
  A frilled lizard (D:1)
  3 rats (D:1)
  A spectral kobold (D:1)
53 creatures vanquished.

Vanquished Creatures (collateral kills)
  A fire bat (D:6)
  Eustachio (D:5)
  The ghost of nshep25 the Conjurer, an amateur DECj (D:3)
  2 wights (D:6)
  2 hounds (D:5)
  3 orc priests
  Natasha (D:3)
  Ijyb (D:3)
  2 iguanas
  An orc wizard (D:4)
  6 adders
  8 gnolls
  A shadow imp (D:6)
  A worm (D:3)
  A dart slug (D:4)
  2 orcs (D:6)
  A ball python (D:3)
  5 endoplasms
  3 giant cockroaches
  3 goblins
  3 hobgoblins
  3 jackals
  4 bats
  2 frilled lizards
  3 kobolds
  4 rats
65 creatures vanquished.

Vanquished Creatures (others)
  2 battlemagi
2 creatures vanquished.

Grand Total: 120 creatures vanquished

Notes
Turn   | Place    | Note
-------+----------+-------------------------------------------
     0 | D:1      | HospitalGownGirl the Human Brigand began the quest for the
                  | Orb.
     0 | D:1      | Reached XP level 1. HP: 16/16 MP: 1/1
    34 | D:1      | Found a faded altar of an unknown god.
   227 | D:1      | Prayed at the altar of an unknown god.
   227 | D:1      | Became a worshipper of Hepliaklqana the Forgotten
   227 | D:1      | Reached * piety under Hepliaklqana
   308 | D:1      | Reached XP level 2. HP: 19/19 MP: 2/2
   610 | D:1      | Reached XP level 3. HP: 24/24 MP: 3/3
   962 | D:2      | Reached ** piety under Hepliaklqana
  1004 | D:2      | Reached XP level 4. HP: 29/29 MP: 5/5
  1152 | D:3      | Noticed Grinder
  1161 | D:3      | Paralysed by Grinder for 5 turns
  1171 | D:3      | Killed Grinder
  1172 | D:3      | Reached skill level 1 in Armour
  1172 | D:3      | Reached skill level 5 in Stealth
  1172 | D:3      | Reached skill level 1 in Spellcasting
  1172 | D:3      | Reached XP level 5. HP: 5/35 MP: 5/7
  1172 | D:3      | Reached XP level 6. HP: 6/41 MP: 5/8
  1176 | D:3      | Remembered your ancestor Kylie as a battlemage
  1451 | D:3      | Noticed Jessica
  1461 | D:3      | Killed Jessica
  1986 | D:4      | Noticed Pikel
  2001 | D:4      | Killed Pikel
  2002 | D:4      | Reached skill level 6 in Stealth
  2002 | D:4      | Reached skill level 1 in Invocations
  2002 | D:4      | Reached XP level 7. HP: 46/46 MP: 8/10
  2002 | D:4      | Reached XP level 8. HP: 52/52 MP: 8/11
  2041 | D:5      | Entered Level 5 of the Dungeon
  2073 | D:5      | Found a staircase to the Ecumenical Temple.
  2084 | D:5      | Gained mutation: Your flesh is heat resistant. (rF+)
                  | [potion of mutation]
  2198 | D:5      | Noticed Eustachio
  2207 | D:5      | Killed Eustachio
  2321 | D:5      | Reached *** piety under Hepliaklqana
  2647 | D:4      | Reached skill level 7 in Stealth
  2745 | D:4      | Learned a level 5 spell: Summon Forest
  3432 | D:3      | Noticed Natasha
  3433 | D:3      | Found a runed translucent door.
  3437 | D:3      | Killed Natasha
  3448 | D:3      | Noticed nshep25's ghost (amateur DECj)
  3456 | D:3      | Killed nshep25's ghost
  3512 | D:3      | Noticed Ijyb
  3517 | D:3      | Killed Ijyb
  3757 | D:3      | Noticed Natasha
  3762 | D:3      | Killed Natasha
  3763 | D:3      | Reached XP level 9. HP: 57/57 MP: 11/13
  3864 | D:3      | Noticed Natasha
  3870 | D:3      | Killed Natasha
  4015 | D:2      | Found a burning altar of Makhleb.
  4338 | D:6      | HP: 1/57 [adder (3)]
  4342 | D:6      | Reached skill level 1 in Translocations
  4350 | D:6      | Reached skill level 1 in Summonings
  4350 | D:6      | Reached skill level 1 in Evocations
  4595 | D:6      | Reached skill level 5 in Short Blades
  4642 | D:6      | Reached skill level 1 in Unarmed Combat
  4715 | D:6      | Found a transporter.
  4721 | D:6      | Noticed a kobold demonologist
  4728 | D:6      | Noticed a kobold demonologist
  4729 | D:6      | Noticed an orc high priest
  4735 | D:6      | Found a transporter.
  4735 | D:6      | Reached **** piety under Hepliaklqana
  4766 | D:6      | Noticed a red devil
  4778 | D:6      | HP: 1/58 [orc priest/divine providence (15)]
  4792 | D:6      | Noticed an ice devil
  4800 | D:6      | Slain by an ice devil

Illustrated notes

Levels and vault maps discovered:
D:1:      mrwooster_arrival_statue_2, layout_loops_ring,
          dreamdust_ecumenical_altar_drowned_temple
D:2:      layout_basic, basic_altar, serial_bayou_ford_a
D:3:      layout_basic, ebering_ghost_reflecting_pool, uniq_grinder,
          uniq_jessica, uniq_natasha, uniq_ijyb
D:4:      layout_basic, uniq_pikel
D:5:      layout_cave_pools, minmay_temple_entry_gardened_gates, uniq_eustachio
D:6:      gammafunk_wand_slinger, layout_basic

Skill      XL: |  1  2  3  4  5  6  7  8  9 |
---------------+----------------------------+-----
Short Blades   | 3 4 5 |  5.0
Armour         | 1 2 3 4 |  4.7
Stealth        | 5 6 7 |  7.5
Spellcasting   | 1 2 3 |  3.2
Fighting       | 3 |  3.7
Dodging        | 2 3 |  3.6
Invocations    | 1 2 3 |  3.1
Throwing       | 3 |  3.9
Translocations | 2 |  2.0
Summonings     | 1 |  1.1
Evocations     | 1 |  1.5
Unarmed Combat | 1 |  1.1

Action                   |  1- 3 |  4- 6 |  7- 9 || total
-------------------------+-------+-------+-------++-------
Melee: Dagger            |    80 |    15 |       ||    95
       Punch             |     1 |       |       ||     1
       Short sword       |       |     9 |   118 ||   127
       Unarmed           |       |       |     1 ||     1
Throw: Dart              |     3 |     8 |     8 ||    19
Invok: Ancestor Identity |     1 |       |       ||     1
       Recall Ancestor   |     1 |       |     1 ||     2
       Ancestor Life: Ba |       |     1 |       ||     1
Evoke: Wand              |       |       |     4 ||     4
  Use: Scroll            |     2 |     3 |     4 ||     9
       Potion            |       |       |     7 ||     7
 Stab: Sleeping          |     7 |     1 |     1 ||     9
       Distracted        |     1 |     1 |     2 ||     4
       Invisible         |     1 |       |       ||     1
Armor: Leather armour    |    28 |    12 |    10 ||    50
       Robe              |     2 |       |       ||     2
       Ring mail         |       |       |    57 ||    57
Dodge: Dodged            |    50 |    10 |    85 ||   145
